 Dungeon Crawl Stone Soup version 0.31-a0-1008-g5b978dac0e (webtiles) character file.

Game seed: 10114526039361926752

6472 ChronoRanger the Cleaver (level 11, -3/101 HPs)
             Began as a Hill Orc Berserker on Nov 12, 2023.
             Was an Elder of Trog.
             Shot with an arrow by a centaur warrior (18 damage)
             ... on level 9 of the Dungeon on Nov 13, 2023.
             The game lasted 00:24:53 (10100 turns).

ChronoRanger the Cleaver (Hill Orc Berserker)      Turns: 10100, Time: 00:24:53

Health: -3/101     AC: 16    Str: 25    XL:     11   Next: 0%
Magic:  11/11      EV: 10    Int:  4    God:    Trog [****..]
Gold:   313        SH:  0    Dex: 16    Spells: 10/10 levels left

rFire   . . .        w - +4 mace of Dithmenos, Blushing {drain, rN+++ Will- Int-3 Stlth+}
rCold   . . .        (no shield)
rNeg    + + +        f - +0 chain mail
rPois   .            (no helmet)
rElec   .            b - +1 cloak
rCorr   .            (no gloves)
SInv    +            d - +0 pair of boots
Will    .....        (no amulet) Stlth
                     a - ring of see invisible
HPRegen 0.36/turn    y - +6 ring of dexterity
MPRegen 0.12/turn

%: no passive effects
@: about to teleport, slowed, studying Armour, very slow
A: no striking features
a: Renounce Religion, Berserk, Trog's Hand, Brothers in Arms


You were on level 9 of the Dungeon.
You worshipped Trog.
Trog was greatly pleased with you.
You visited 1 branch of the dungeon, and saw 9 of its levels.
You also visited: Sewer.

You collected 572 gold pieces.
You spent 259 gold pieces at shops.

Inventory:

Hand Weapons
 w - the +4 mace of Dithmenos, Blushing (weapon) {drain, rN+++ Will- Int-3 Stlth+}
   (You found it on level 5 of the Dungeon)

   Int-3:     It affects your intelligence (-3).
   rN+++:     It renders you almost immune to negative energy.
   Will-:     It decreases your willpower.
   Stlth+:    It makes you more stealthy.
 B - a +0 battleaxe
Missiles
 o - a throwing net
Armour
 b - a +1 cloak (worn)
 d - a +0 pair of boots (worn)
 f - a +0 chain mail (worn)
 h - a +2 tower shield of reflection
 s - a +0 scale mail of fire resistance
Jewellery
 a - a ring of see invisible (left hand)
 y - a +6 ring of dexterity (right hand)
Wands
 m - a wand of flame (34)
 r - a wand of iceblast (3)
 t - a wand of polymorph (7)
Scrolls
 c - a scroll of enchant weapon
 e - a scroll of fear {unknown}
 g - 2 scrolls of vulnerability
 i - a scroll of immolation {unknown}
 j - 2 scrolls of silence
 n - 2 scrolls of teleportation
 p - a scroll of enchant armour
 q - a scroll of revelation
 v - a scroll of identify
 x - 2 scrolls of butterflies {unknown}
 z - a scroll of blinking {unknown}
 A - a scroll of brand weapon {unknown}
Potions
 k - 2 potions of haste
 l - 4 potions of lignification
 u - 2 potions of mutation


   Skills:
 + Level 10.4 Fighting
 - Level 14.5(14.8) Axes
 * Level 3.8(8.9) Maces & Flails
 + Level 12.5 Armour
 - Level 1.5 Dodging


You had 10 spell levels left.
You didn't know any spells.
Your spell library was empty.

Dungeon Overview and Level Annotations

Branches:
Dungeon (9/15)             Temple (0/1) D:4            Lair (0/5) D:8
    Orc (0/2) D:9           Sewer (visited)

Altars:
Cheibriados
Dithmenos
Elyvilon
Hepliaklqana
Makhleb

Shops:
D:2 (   D:8 ((?[


Message History

Erica burns you.
You hit Erica. You drain Erica.
Erica is almost dead.
Erica barely misses you.
You hit Erica.
You kill Erica!
Trog accepts your kill.
Trog appreciates your killing of a magic user.
Your base Maces & Flails skill increases to level 3!
You have reached level 11!
Things that are here:
a +4 scimitar of flaming; a +0 robe You feel the effects of Trog's Hand fading.
There is a fountain of clear blue water here.
A centaur warrior comes into view.
The centaur warrior shouts!
You hear a shout!
The centaur warrior wields a +0 orcbow.
The centaur warrior shoots an arrow.
The arrow hits you!
The centaur warrior shoots an arrow.
The arrow hits you!
* * * LOW HITPOINT WARNING * * *
An orc warrior comes into view. It is wielding a +0 war axe.
You see here 17 gold pieces.
Your skin stops crawling.
You feel less strong-willed.
There is a fountain of clear blue water here.
The centaur warrior shoots an arrow.
The arrow misses you.
The centaur warrior shoots an arrow.
The arrow hits you!
* * * LOW HITPOINT WARNING * * *
The centaur warrior shoots an arrow.
The arrow barely misses you.
You hear a shout!
You feel much better.
The centaur warrior shoots an arrow.
The arrow hits you!
* * * LOW HITPOINT WARNING * * *
The centaur warrior shoots an arrow.
The arrow hits you!!
* * * LOW HITPOINT WARNING * * *
The centaur warrior shoots an arrow.
The arrow hits you!
* * * LOW HITPOINT WARNING * * *
As you read the scroll of teleportation, it crumbles to dust.
You feel strangely unstable.
The orc warrior hits you with a +0 war axe.
* * * LOW HITPOINT WARNING * * *
The centaur warrior shoots an arrow.
The arrow hits you!!
You die...

†....# #.#*### *,,,,,,,,,*
†.##.#########..* *,,,,,,,,,*
<.###.........#,******,***,***,*
..# #.≈≈≈≈≈≈≈.#,,,,,,,,*.o,,,*,**
#.# #≈..≈≈≈..≈#******,,#..,,,*,**
#.# #≈.≈...≈.≈# *,.o.,,,,,,*, #.#
#≈.≈._.≈.≈########.#,,,,,*,*, #.#
#≈.≈...≈.≈##.o.....#,,,,,*,,, *.#
#≈..≈≈≈..≈##@###.###**,*****,
*.#*#.≈≈≈≈≈≈≈.##.#..⌠..#,,,,,*,,,
*,,*#.........#)c#$....#..,,,*,,8
**,..#########....⌠.⌠.⌠...,,,,,88
*###* ##..#.....#..,,,*,,8
#..#..⌠..#,,,,,*,,,
#..###.###**,*****,
#...,,...*,,*,,*,,,
#...#*##.#,,,,,*,,,


You could see a centaur warrior and an orc warrior.

Vanquished Creatures
  Erica (D:9)
  Jeremiah (D:6)
  A hornet (D:8)
  Sigmund (D:6)
  A yak (D:8)
  A steam dragon (D:8)
  4 water moccasins
  A sky beast (D:8)
  A black bear (D:5)
  2 ice beasts (D:8)
  3 ogres
  3 centaurs
  8 kobold brigands
  3 bullfrogs
  A gnoll sergeant (D:8)
  A wyvern zombie (D:7)
  5 scorpions
  13 wights (D:7)
  3 killer bees (D:9)
  A howler monkey (D:4)
  3 centaur zombies (D:7)
  2 jellies
  5 orc priests
  A hound (D:5)
  Crazy Yiuf (D:5)
  5 iguanas
  8 orc wizards
  A killer bee zombie (D:7)
  2 howler monkey zombies (D:7)
  10 gnolls
  5 adders
  A river rat (Sewer)
  2 shadow imps
  3 white imps (D:7)
  4 ufetubi
  5 worms
  27 orcs
  5 ball pythons
  11 endoplasms
  2 giant cockroaches (D:6)
  7 hobgoblins
  4 quokkas
  5 bats
  4 frilled lizards
  3 goblins (D:4)
  28 kobolds
  12 rats
221 creatures vanquished.

Vanquished Creatures (collateral kills)
  Maggie (D:8)
  A yak (D:8)
  A water moccasin (D:8)
  A black bear (D:8)
  A bullfrog (D:8)
  A kobold (D:8)
6 creatures vanquished.

Vanquished Creatures (others)
  A kobold (D:8)
1 creature vanquished.

Grand Total: 228 creatures vanquished

Notes
Turn   | Place    | Note
-------+----------+-------------------------------------------
     0 | D:1      | ChronoRanger the Hill Orc Berserker began the quest for the
                  | Orb.
     0 | D:1      | Reached XP level 1. HP: 19/19 MP: 1/1
   393 | D:1      | Reached XP level 2. HP: 27/27 MP: 2/2
  1317 | D:2      | Found a faded altar of an unknown god.
  1392 | D:2      | Reached XP level 3. HP: 33/33 MP: 3/3
  1396 | D:2      | Reached skill level 5 in Axes
  1775 | D:2      | Reached XP level 4. HP: 40/40 MP: 4/4
  1786 | D:2      | Found Xiyxaof's Weapon Boutique.
  1835 | D:2      | Reached ** piety under Trog
  3467 | D:4      | Reached skill level 6 in Axes
  3467 | D:4      | Reached XP level 5. HP: 42/47 MP: 5/5
  3528 | D:4      | Noticed an ogre
  3537 | D:4      | Killed an ogre
  3538 | D:4      | Reached skill level 5 in Fighting
  3538 | D:4      | Reached XP level 6. HP: 12/56 MP: 6/6
  3823 | D:4      | Reached skill level 7 in Axes
  3823 | D:4      | Found a staircase to the Ecumenical Temple.
  4089 | D:5      | Entered Level 5 of the Dungeon
  4090 | D:5      | Found a shadowy altar of Dithmenos.
  4158 | D:5      | Reached skill level 5 in Armour
  4384 | D:5      | Reached XP level 7. HP: 59/61 MP: 7/7
  4698 | D:5      | Identified the +4 mace of Dithmenos, Blushing {drain, rN+++
                  | Will- Int-3 Stlth+}
  4710 | D:5      | Reached skill level 8 in Axes
  5140 | D:5      | Reached skill level 9 in Axes
  5140 | D:5      | Reached XP level 8. HP: 52/71 MP: 8/8
  5265 | D:5      | Found a runed translucent door.
  5266 | D:5      | Noticed Crazy Yiuf
  5541 | D:5      | Killed Crazy Yiuf
  5701 | D:6      | Noticed Jeremiah
  5917 | D:6      | Found a glowing drain.
  5921 | D:6      | Noticed Sigmund
  5936 | D:6      | Killed Sigmund
  5943 | D:6      | Reached skill level 10 in Axes
  5956 | Sewer    | Entered a sewer
  6274 | Sewer    | Reached *** piety under Trog
  6863 | Sewer    | Reached skill level 11 in Axes
  6863 | Sewer    | Reached XP level 9. HP: 44/79 MP: 9/9
  7233 | D:6      | Killed Jeremiah
  7684 | D:7      | Reached skill level 12 in Axes
  7857 | D:7      | You fall into a shaft and drop 1 floor!
  7925 | D:8      | Found Yxtizof's Weapon Boutique.
  7973 | D:8      | Reached skill level 10 in Armour
  8075 | D:8      | Found Cieleat's Weapon Shoppe.
  8238 | D:7      | Reached skill level 13 in Axes
  8385 | D:7      | Reached **** piety under Trog
  8392 | D:7      | Reached XP level 10. HP: 85/91 MP: 10/10
  8463 | D:7      | Found a hazy altar of Hepliaklqana.
  9084 | D:8      | Noticed Maggie
  9109 | D:8      | Reached skill level 14 in Axes
  9131 | D:8      | Killed Maggie
  9344 | D:8      | Found a staircase to the Lair.
  9349 | D:8      | Reached skill level 10 in Fighting
  9370 | D:8      | Found Zixeijomn's Armour Boutique.
  9384 | D:8      | Bought a +2 tower shield of reflection for 259 gold pieces
  9445 | D:8      | Found Seickoal's Magic Scroll Emporium.
  9532 | D:8      | Found a burning altar of Makhleb.
  9534 | D:8      | Found a white marble altar of Elyvilon.
  9541 | D:8      | Reached skill level 1 in Maces & Flails
 10047 | D:9      | Found a snail-covered altar of Cheibriados.
 10075 | D:9      | Noticed Erica
 10086 | D:9      | Killed Erica
 10087 | D:9      | Reached XP level 11. HP: 62/101 MP: 11/11
 10092 | D:9      | Noticed a centaur warrior
 10100 | D:9      | Shot with an arrow by a centaur warrior

Illustrated notes

Levels and vault maps discovered:
D:1:      spicycebolla_arrival_xxxplode, layout_basic, feat_on_display
D:2:      cheibrodos_old_hovel, layout_basic, serial_shops, shop,
          hellmonk_ecumenical_altar_leap_of_faith,
          hangedman_abyss_or_decor_stabs
D:3:      layout_basic, eino_tiny_chamber
D:4:      layout_basic, minmay_temple_entry_nine_rooms
D:5:      layout_basic, mainiacjoe_overflow_cross_hatched, serial_aquarium,
          aquarium_bridge_straight [aquarium_subvault_bridge,
          aquarium_subvault_wall, aquarium_subvault_bridge,
          aquarium_subvault_wall], aquarium_window_1, aquarium_window_fake,
          aquarium_window_fake, aquarium_window_2, aquarium_view_2d,
          aquarium_balcony_1b, uniq_crazy_yiuf_cottage
D:6:      layout_basic, enter_ossuary_2, gup_sewer_entry_glass, uniq_sigmund,
          uniq_jeremiah
D:7:      layout_basic, nicolae_hepliaklqana_hippocampus, serial_undead,
          serial_undead_e, serial_undead_b, serial_undead_b, serial_undead_f,
          serial_undead_e, serial_undead_f
D:8:      layout_loops_ring, jmf_multi_god_temple, due_lair_maze_entry_diamond,
          serial_shops, nicolae_shop_advertising_works
          [nicolae_subvault_shop_adworks], shop, kennysheep_mini, shop,
          kennysheep_generic_room_13, uniq_maggie
D:9:      layout_roguey, mainiacjoe_overflow_paths,
          minmay_orc_entry_temple_small, enter_bailey_2,
          minmay_tree_intersection, skrybe_limestone_x,
          minmay_chambers_of_fives, uniq_erica

Skill      XL: |  1  2  3  4  5  6  7  8  9 10 |
---------------+-------------------------------+-----
Fighting       | 4 5 6 7 9 10 | 10.4
Axes           | 5 6 7 9 11 13 14 | 14.5
Armour         | 3 4 5 6 8 10 12 | 12.5
Maces & Flails | 3 |  3.8
Dodging        | |  1.5

Action                     |  1- 3 |  4- 6 |  7- 9 | 10-12 || total
---------------------------+-------+-------+-------+-------++-------
  Melee: Hand axe          |   103 |    51 |       |       ||   154
         War axe           |       |    79 |   291 |       ||   370
         Punch             |       |     1 |     6 |       ||     7
         Battleaxe         |       |       |    68 |    80 ||   148
         Mace              |       |       |       |    52 ||    52
 Invoke: Berserk           |       |     2 |     5 |     2 ||     9
         Trog's Hand       |       |       |     2 |     1 ||     3
         Brothers in Arms  |       |       |       |     1 ||     1
    Use: Scroll            |       |     5 |     9 |     4 ||    18
         Potion            |       |       |     2 |     3 ||     5
   Stab: Sleeping          |     1 |     1 |       |       ||     2
 Armour: Leather armour    |    70 |    42 |       |       ||   112
         Animal skin       |     2 |       |       |       ||     2
         Scale mail        |       |    26 |   211 |    33 ||   270
         Chain mail        |       |       |       |   109 ||   109
  Dodge: Dodged            |    77 |    65 |   168 |    96 ||   406

Table legend: (Time is in decaauts)
 A = Elapsed time spent in this place.
 B = Non-inter-level travel time spent in this place.
 C = Inter-level travel time spent in this place.
 D = Time resting spent in this place.
 E = Time spent auto-exploring this place.
 F = Levels seen in this place.
 G = Mean time per level.
                   A        B        C        D        E       F      G
               +--------+--------+--------+--------+--------+-----+--------+
         Total |  10359 |  10070 |    289 |    459 |   7637 |  10 | 1035.9 |
       Dungeon |   9164 |   8875 |    289 |    459 |   6693 |   9 | 1018.2 |
         Sewer |   1194 |   1194 |      0 |      0 |    944 |   1 | 1194.0 |
               +--------+--------+--------+--------+--------+-----+--------+

Top non-repeatable levels by time:
     D:5: 1688 daAuts
     D:7: 1288 daAuts
     D:2: 1245 daAuts
   Sewer: 1194 daAuts
     D:8: 1128 daAuts
     D:1: 1110 daAuts
     D:4: 1073 daAuts
     D:6: 762 daAuts
     D:3: 691 daAuts
     D:9: 174 daAuts
